 Dungeon Crawl Stone Soup version 0.28-a0-1389-gc726bef33b (webtiles) character file.

Game seed: 16852895270197913388

9 rogsnak the Gusty (level 2, 0/19 HPs)
             Began as a Demonspawn Air Elementalist on Jan 3, 2022.
             Slain by a jackal (2 damage)
             ... on level 1 of the Dungeon.
             The game lasted 00:01:31 (350 turns).

rogsnak the Gusty (Demonspawn Air Elementalist)      Turns: 350, Time: 00:01:31

Health: 0/19       AC:  2    Str:  8    XL:     2   Next: 3%
Magic:  3/5        EV: 12    Int: 16    God:
Gold:   11         SH:  0    Dex: 13    Spells: 4/5 levels left

rFire   . . .      SeeInvis .   c - +0 dagger
rCold   . . .      Faith    .   (no shield)
rNeg    . . .      Spirit   .   a - +0 robe
rPois   .          Reflect  .   (no helmet)
rElec   .          Harm     .   (no cloak)
rCorr   .          Rampage  .   (no gloves)
Will    .....                   (no boots)
Stlth   ++........              (no amulet)
HPRegen 0.06/turn               (no ring)
MPRegen 0.09/turn               (no ring)

@: no status effects
A: weakness stinger 1
a: no special abilities


You were on level 1 of the Dungeon.
You visited 1 branch of the dungeon, and saw 1 of its levels.

You collected 11 gold pieces.

Inventory:

Hand Weapons
 c - a +0 dagger (weapon)
Armour
 a - a +0 robe (worn)
Scrolls
 b - a scroll of immolation {unknown}
 d - a scroll of identify {unknown}
Potions
 e - a potion of berserk rage {unknown}


   Skills:
 + Level 1.9 Dodging
 - Level 1.7 Stealth
 + Level 2.1 Spellcasting
 * Level 1.2 Conjurations
 + Level 2.9 Air Magic


You had 4 spell levels left.
You knew the following spells:

 Your Spells              Type           Power      Damage    Failure   Level
a - Shock                 Conj/Air       32%        1d5       9%          1

Your spell library contained the following spells:

 Spells                   Type           Power      Damage    Failure   Level
 Static Discharge         Conj/Air       8%         N/A       13%         2
 Swiftness                Air            11%        N/A       19%         3
 Airstrike                Air            5%         N/A       52%         4


Dungeon Overview and Level Annotations

Branches:
Dungeon (1/15)

Altars:

Annotations:
D:1 1 runed translucent door


Innate Abilities, Weirdness & Mutations

You have a small tail.


Message History

The jackal barks!
The jackal closely misses you. The jackal closely misses you.
The jackal barely misses you. The jackal barely misses you.
The jackal bites you.
Casting: Shock (safe; 9% risk of failure)
Confirm with . or Enter, or press ? or * to list all spells.
Aiming: Shock (safe; 9% risk of failure)
Press: ? - help, Shift-Dir - straight line, f - jackal
Aim: a jackal (60% to hit)
The zap hits the jackal.
The jackal is moderately wounded.
The zap misses the jackal.
The zap hits the jackal.
The jackal is heavily wounded.
The jackal bites you.
Unknown command.
You hit the jackal.
Your tail-slap misses the jackal.
The jackal is severely wounded.
The jackal barely misses you. The jackal completely misses you.
The jackal bites you. The jackal closely misses you.
Unknown command.
You hit the jackal but do no damage.
The jackal is severely wounded.
The jackal barely misses you. x2
You hit the jackal but do no damage.
The jackal is severely wounded.
The jackal bites you but does no damage.
The jackal barely misses you. x2
The jackal closely misses you. The jackal bites you. x3
Unknown command.
The jackal closely misses you. The jackal misses you. The jackal bites you.
* * * LOW HITPOINT WARNING * * *
The jackal bites you.
* * * LOW HITPOINT WARNING * * *
The jackal misses you. The jackal barely misses you. The jackal bites you.
* * * LOW HITPOINT WARNING * * *
The jackal bites you.
You die...

...##.........#JhBwJB.B.JBBw#....
#####.........#######+#######....
....h.........#.......†.....#....
..............'⌠....###....⌠+....
..............#......<......#....
..............#..⌠...>...⌠..#....
######........###+#######+###...#
####......................hh.....
#.............g.@............##.#
#.............hh.................
.....#.......h...................
....##.........[...#########.....
.............###'#.# .......#
.#.................# ..##....
.#.......#................. .....
.#.......#................ ......
.#.......#............... ####..


You could see 3 jackals and a goblin.

Vanquished Creatures
  2 bats (D:1)
  An endoplasm (D:1)
  A giant cockroach (D:1)
  A hobgoblin (D:1)
  2 kobolds (D:1)
7 creatures vanquished.

Notes
Turn   | Place    | Note
-------+----------+-------------------------------------------
     0 | D:1      | rogsnak the Demonspawn Air Elementalist began the quest for
                  | the Orb.
     0 | D:1      | Reached XP level 1. HP: 13/13 MP: 3/3
     1 | D:1      | Found a runed translucent door.
     2 | D:1      | Noticed a jelly
   301 | D:1      | Gained mutation: You have a small tail. [demonic ancestry]
   301 | D:1      | Reached XP level 2. HP: 19/19 MP: 0/5
   350 | D:1      | Slain by a jackal

Illustrated notes

Levels and vault maps discovered:
D:1:      dpeg_arrival_caged_fury, layout_basic, st_stairs_12

Action                   || total
-------------------------++-------
Melee: Unarmed           ||     5
       Dagger            ||     5
 Cast: Shock             ||    16
Armor: Robe              ||     4
Dodge: Dodged            ||    24

Table legend: (Time is in decaauts)
 A = Elapsed time spent in this place.
 B = Non-inter-level travel time spent in this place.
 C = Inter-level travel time spent in this place.
 D = Time resting spent in this place.
 E = Time spent auto-exploring this place.
 F = Levels seen in this place.
 G = Mean time per level.
                   A        B        C        D        E       F      G
               +--------+--------+--------+--------+--------+-----+--------+
         Total |    349 |    349 |      0 |     39 |    147 |   1 |  349.0 |
       Dungeon |    349 |    349 |      0 |     39 |    147 |   1 |  349.0 |
               +--------+--------+--------+--------+--------+-----+--------+

Top non-repeatable levels by time:
     D:1: 349 daAuts
